 Dungeon Crawl Stone Soup version 0.30-a0-172-gc5509c9e31 (webtiles) character file.

Game seed: 13915998968113552765

109 KennySheep the Cudgeller (level 5, -4/46 HPs)
             Began as a Meteoran Monk on Oct 2, 2022.
             Slain by a worm (6 damage)
             ... on level 3 of the Dungeon.
             The game lasted 00:05:53 (1381 turns).

KennySheep the Cudgeller (Meteoran Monk)            Turns: 1381, Time: 00:05:54

Health: -4/46      AC:  3    Str: 11    XL:     5   Next: 36%
Magic:  8/8        EV: 14    Int: 13    God:
Gold:   85         SH:  0    Dex: 16    Spells: 4/7 levels left

rFire   . . .      SeeInvis .    a - +0 mace
rCold   . . .      Faith    .    (no shield)
rNeg    . . .      Spirit   .    b - +1 robe
rPois   +          Reflect  .    (no helmet)
rElec   .          Harm     .    (no cloak)
rCorr   .          Rampage  .    (no gloves)
Will    .....                    (no boots)
Stlth   +.........               (no amulet)
HPRegen 0.27/turn                (no ring)
MPRegen 0.11/turn                (no ring)

@: glowing, very slow
A: sense surroundings 1, otherworldly, glowing, explore regen, poison
resistance, weak 1, wild magic 1
a: no special abilities


You were on level 3 of the Dungeon.
You visited 1 branch of the dungeon, and saw 3 of its levels.

You collected 85 gold pieces.

Inventory:

Hand Weapons
 a - a +0 mace (weapon)
 l - a +3 dagger of electrocution
Armour
 b - a +1 robe (worn)
Potions
 c - a potion of ambrosia
 d - a potion of brilliance
 f - 2 potions of mutation


   Skills:
 + Level 3.9 Fighting
 * Level 5.2 Maces & Flails
 + Level 4.2 Dodging
 - Level 1.4 Stealth
 + Level 1.6 Spellcasting
 + Level 1.1 Transmutations
 + Level 1.5 Earth Magic


You had 4 spell levels left.
You knew the following spells:

 Your Spells              Type           Power      Damage    Failure   Level
a - Sandblast             Erth           12%        2d6       21%         1
b - Passwall              Tmut/Erth      4%         N/A       30%         2

Your spell library contained the following spells:

 Spells                   Type           Power      Damage    Failure   Level
 Beastly Appendage        Tmut           10%        N/A       24%         1
 Wereblood                Tmut           5%         N/A       34%         2
 Stone Arrow              Conj/Erth      8%         3d7       58%         3
 Spider Form              Tmut/Pois      3%         N/A       63%         3
 Petrify                  Tmut/Erth      5%         N/A       88%         4
 Animate Armour           Summ/Erth      8%         N/A       92%         4
 Borgnjor's Vile Clutch   Necr/Erth      2%         N/A       99%         5


Dungeon Overview and Level Annotations

Branches:
Dungeon (3/15) Zot: 379

Altars:

Shops:
D:2 [

Annotations:
D:2 1 runed translucent door, Crazy Yiuf


Innate Abilities, Weirdness & Mutations

You passively map a small area around you.
You are easily found by Zot.
You glow in the dark.
You regain HP and MP as you explore.
Your system is resistant to poisons. (rPois)
You are weak. (Str -2)
Your spells are a little harder to cast, but a little more powerful.


Message History

Your unstable footing causes you to fumble your attack.
The river rat closely misses you.
You hit the river rat.
You kill the river rat!
A rat and an adder come into view.
The adder hisses angrily.
The adder closely misses you.
A worm comes into view.
You hit the adder.
The adder is lightly wounded.
The adder bites you but does no damage. The adder barely misses you.
Your unstable footing causes you to fumble your attack.
The rat bites you. The adder bites you.
You sock the adder!
You kill the adder!
The rat bites you but does no damage.
Your unstable footing causes you to fumble your attack.
The rat splashes around in the water.
Your unstable footing causes you to fumble your attack.
The rat splashes around in the water. x2
You hit the rat.
You kill the rat!
Your unstable footing causes you to fumble your attack.
The worm bites you!
* * * LOW HITPOINT WARNING * * *
Your unstable footing causes you to fumble your attack.
The worm completely misses you.
Your unstable footing causes you to fumble your attack.
Your unstable footing causes you to fumble your attack.
You feel a little less mighty now. The worm bites you!
* * * LOW HITPOINT WARNING * * *
You sock the worm!
The worm is heavily wounded.
Your unstable footing causes you to fumble your attack.
The worm splashes around in the water.
You hit the worm. You punch the worm, but do no damage.
The worm is severely wounded.
The worm bites you.
You die...

####### ********#~~...#
*~~~~~~~#~~~..#
**~****###~#...#
*~~~~~~~~#~~~..# **
***#####~#~#~..# ,*
*~*#~~†@~#~~~~.## +##
#~~~~#w#~#~#~...# ..#*
###**#~#~#~#~...# ...##
*∩~~~~~#~~†#....# ..#.##
#############....# .8.8.##
#..........####..#
......###.........w†....##
).....'...........#######
......###..........#


You could see a worm.

Vanquished Creatures
  3 adders
  3 river rats (D:3)
  4 worms
  5 bats
  3 endoplasms
  2 giant cockroaches (D:1)
  8 goblins
  3 hobgoblins
  2 quokkas (D:1)
  2 ball pythons
  3 frilled lizards
  7 rats
45 creatures vanquished.

Notes
Turn   | Place    | Note
-------+----------+-------------------------------------------
     0 | D:1      | KennySheep the Meteoran Monk began the quest for the Orb.
     0 | D:1      | Reached XP level 1. HP: 19/19 MP: 2/2
   176 | D:1      | Reached XP level 2. HP: 20/26 MP: 3/3
   199 | D:1      | Got the Book of Terrain
   441 | D:1      | Reached XP level 3. HP: 31/31 MP: 4/4
   591 | D:1      | Reached skill level 1 in Earth Magic
   816 | D:2      | Found Ynuh Wus's Antique Armour Shop.
   912 | D:2      | Learned a level 1 spell: Sandblast
   915 | D:2      | Learned a level 2 spell: Passwall
   984 | D:2      | Reached skill level 1 in Spellcasting
   984 | D:2      | Reached XP level 4. HP: 24/39 MP: 6/6
  1010 | D:2      | Found a runed translucent door.
  1011 | D:2      | Noticed Crazy Yiuf
  1085 | D:2      | Glimpsed the power of Zot.
  1267 | D:3      | Reached skill level 5 in Maces & Flails
  1276 | D:3      | HP: 2/40 [worm (9)]
  1332 | D:3      | Gained mutation: You are weak. (Str -2) [potion of
                  | mutation]
  1332 | D:3      | Gained mutation: Your spells are a little harder to cast,
                  | but a little more powerful. [potion of mutation]
  1332 | D:3      | Gained mutation: Your system is resistant to poisons.
                  | (rPois) [potion of mutation]
  1352 | D:3      | Reached skill level 1 in Transmutations
  1352 | D:3      | Reached XP level 5. HP: 17/46 MP: 7/7
  1378 | D:3      | HP: 1/46 [worm (9)]
  1381 | D:3      | Slain by a worm

Illustrated notes

Levels and vault maps discovered:
D:1:      dpeg_arrival_long_road, layout_basic
D:2:      layout_loops_corners, ebering_ecumenical_altar_box, serial_shops,
          shop, uniq_crazy_yiuf_cottage
D:3:      layout_rooms, demons_altar, lightli_sewer_entry_pipes,
          dk_noncrumbling_3

Skill      XL: |  1  2  3  4 |
---------------+-------------+-----
Earth Magic    | 1 |  1.5
Dodging        | 4 |  4.2
Spellcasting   | 1 |  1.6
Maces & Flails | 5 |  5.2
Transmutations | 1 |  1.1
Fighting       | |  3.9
Stealth        | |  1.4

Action                   |  1- 3 |  4- 6 || total
-------------------------+-------+-------++-------
Melee: Mace              |    75 |    68 ||   143
       Punch             |       |     2 ||     2
 Cast: Sandblast         |       |    17 ||    17
  Use: Scroll            |       |     5 ||     5
       Potion            |       |     4 ||     4
 Stab: Sleeping          |     2 |       ||     2
Armor: Robe              |     9 |    16 ||    25
Dodge: Dodged            |    36 |    40 ||    76

Table legend: (Time is in decaauts)
 A = Elapsed time spent in this place.
 B = Non-inter-level travel time spent in this place.
 C = Inter-level travel time spent in this place.
 D = Time resting spent in this place.
 E = Time spent auto-exploring this place.
 F = Levels seen in this place.
 G = Mean time per level.
                   A        B        C        D        E       F      G
               +--------+--------+--------+--------+--------+-----+--------+
         Total |   1419 |   1408 |     11 |     67 |    817 |   3 |  473.0 |
       Dungeon |   1419 |   1408 |     11 |     67 |    817 |   3 |  473.0 |
               +--------+--------+--------+--------+--------+-----+--------+

Top non-repeatable levels by time:
     D:1: 796 daAuts
     D:2: 346 daAuts
     D:3: 276 daAuts
